 Dungeon Crawl Stone Soup version 0.18-a0-1426-g3b9a63c (webtiles) character file.

160 Kidiri the Magician (level 5, -4/29 HPs)
             Began as a Deep Elf Fire Elementalist on Feb 27, 2016.
             Slain by a sky beast (5 damage)
             ... on level 5 of the Dungeon.
             The game lasted 00:20:01 (3854 turns).

Kidiri the Magician (Deep Elf Fire Elementalist)    Turns: 3854, Time: 00:20:01

Health: -4/29      AC:  4    Str:  5    XL:     5   Next: 17%
Magic:  4/13       EV: 13    Int: 21    God:
Gold:   114        SH:  0    Dex: 15    Spells: 4 memorised, 3 levels left

rFire  + . .     SeeInvis .     k - +1 short sword
rCold  + . .     Gourm    .     e - +1 robe {rF+}
rNeg   . . .     Faith    .     (no shield)
rPois  .         Spirit   .     (no helmet)
rElec  .         Dismiss  .     p - +0 cloak
rCorr  .         Reflect  .     (no gloves)
SustAt .         Harm     .     (no boots)
MR     +....                    (no amulet)
Stlth  ++........               n - ring of protection from cold
                                h - ring of protection from magic

@: about to teleport, somewhat resistant to hostile enchantments, unstealthy
A: no striking features
a: no special abilities


You were on level 5 of the Dungeon.
You were not hungry.

You visited 1 branch of the dungeon, and saw 4 of its levels.

You collected 114 gold pieces.

Inventory:

Hand Weapons
 k - a +1 short sword (weapon)
Armour
 e - a +1 robe of fire resistance (worn)
 p - a +0 cloak (worn)
Jewellery
 h - a ring of protection from magic (left hand)
 n - a ring of protection from cold (right hand)
Scrolls
 a - a scroll of immolation
 g - a scroll of teleportation
 o - a scroll of remove curse
 q - a scroll of enchant armour {unknown}
Potions
 d - a potion of cancellation
 i - a potion of resistance
 l - 2 potions of might {unknown}
 m - a potion of lignification
Books
 b - a book of Flames

   Spells                             Type                      Level
   a - Flame Tongue                   Conjuration/Fire             1
   b - Throw Flame                    Conjuration/Fire             2
   c - Conjure Flame                  Conjuration/Fire             3
   d - Inner Flame                    Hexes/Fire                   3
   e - Sticky Flame                   Conjuration/Fire             4
   f - Fireball                       Conjuration/Fire             5
 r - a book of Unlife

   Spells                             Type                      Level
   a - Recall                         Summoning/Translocation      3
   b - Animate Dead                   Necromancy                   4
   c - Control Undead                 Necromancy                   4
   d - Cigotuvi's Embrace             Necromancy                   5
   e - Death Channel                  Necromancy                   6
   f - Simulacrum                     Ice/Necromancy               6
Comestibles
 c - 3 bread rations
 f - a meat ration
 s - 4 chunks of flesh


   Skills:
 + Level 1.2 Fighting
 + Level 3.2 Dodging
 + Level 2.8 Stealth
 * Level 4.2 Spellcasting
 + Level 2.4 Conjurations
 + Level 2.0 Hexes
 + Level 4.0 Fire Magic


You had 3 spell levels left.
You knew the following spells:

 Your Spells              Type           Power        Failure   Level  Hunger
a - Flame Tongue          Conj/Fire      ###..        3%          1    None
b - Throw Flame           Conj/Fire      ###...       6%          2    #......
c - Conjure Flame         Conj/Fire      ###.....     12%         3    ###....
d - Inner Flame           Hex/Fire       ###.....     12%         3    ###....


Dungeon Overview and Level Annotations

Branches:
Dungeon (3/15)

Altars:
Dithmenos
Pakellas
Xom
Yredelemnul
The Shining One

Annotations:
D:5 Eustachio


Message History

Drink which item? (? for menu, Esc to quit)
You can't drink that!
Unknown command.
Unknown command.
Drink which item? (? for menu, Esc to quit)
You feel better. The orc closely misses you. x2
The orc hits you with an enchanted flail.
Something hits you. Something shocks you.
* * * LOW HITPOINT WARNING * * *
The orc hits you but does no damage.
Unknown command.
Drink which item? (? for menu, Esc to quit)
You feel better. The orc barely misses you. The orc hits you with a hand axe.
* * * LOW HITPOINT WARNING * * *
The orc hits you with an enchanted flail.
* * * LOW HITPOINT WARNING * * *
Something hits you.
* * * LOW HITPOINT WARNING * * *
Something shocks you.
You die...

#...#
##..# #..#
##.#
#.######.#
#>....o...
##o......#
#o########
#o@o......
#o#{..#...
#o........
#.#...#...
..........
#.########
#.# #.


You could see an orc wizard and 5 orcs.

Vanquished Creatures
  A centaur skeleton (D:3)
  A worker ant zombie (D:5)
  A gnoll (D:5)
  An adder (D:2)
  An adder skeleton (D:5)
  3 worms
  2 dart slugs (D:1)
  3 giant geckos
  4 orcs (D:3)
  2 ball pythons
  9 bats
  6 giant cockroaches
  4 goblins
  12 hobgoblins
  6 jackals
  2 quokkas
  A giant newt (D:2)
  7 kobolds
  7 rats
73 creatures vanquished.

Notes
Turn   | Place    | Note
--------------------------------------------------------------
     0 | D:1      | Kidiri the Deep Elf Fire Elementalist began the quest for the Orb.
     0 | D:1      | Reached XP level 1. HP: 10/10 MP: 6/6
   148 | D:1      | Reached XP level 2. HP: 16/16 MP: 4/8
   155 | D:1      | Learned a level 2 spell: Throw Flame
   761 | D:1      | Reached XP level 3. HP: 5/20 MP: 0/10
  1170 | D:1      | Learned a level 3 spell: Conjure Flame
  1174 | D:1      | Learned a level 3 spell: Inner Flame
  1747 | D:2      | Found a shimmering altar of Xom.
  1925 | D:2      | Reached skill level 1 in Fighting
  1925 | D:2      | Reached skill level 1 in Hexes
  2359 | D:2      | Reached XP level 4. HP: 25/25 MP: 7/11
  3109 | D:3      | Found an oddly glowing altar of Pakellas.
  3497 | D:3      | Found a glowing golden altar of the Shining One.
  3647 | D:3      | You fall through a shaft for 2 floors!
  3647 | D:5      | Entered Level 5 of the Dungeon
  3700 | D:5      | Found a basalt altar of Yredelemnul.
  3723 | D:5      | Noticed a sky beast
  3742 | D:5      | Reached XP level 5. HP: 29/29 MP: 4/13
  3775 | D:5      | Found a shadowy altar of Dithmenos.
  3781 | D:5      | Noticed Eustachio
  3792 | D:5      | Noticed an ice beast
  3850 | D:5      | Noticed a sky beast
  3854 | D:5      | HP: 1/29 [something (2)]
  3854 | D:5      | Slain by a sky beast

Vault maps used:
D:1:      dpeg_arrival_simpleton_c
D:2:      grunt_decor_cap, lemuel_tele_altar
D:3:      grunt_pakellas_sulfur, old_standard_altar, grunt_gozag_statues,
          first_bread, corexii_corridor_pit
D:5:      lemuel_crystal_altar, lemuel_coloured_pillars_altar,
          old_standard_altar, basic_altar, uniq_eustachio

Skill      XL: |  1  2  3  4  5 |
---------------+----------------+-----
Conjurations   | 2 |  2.4
Fighting       | 1 |  1.2
Hexes          | 1 2 |  2.0
Dodging        | 3 |  3.2
Spellcasting   | 4 |  4.2
Fire Magic     | 4 |  4.0
Stealth        | |  2.8

Action                   |  1- 3 |  4- 6 || total
-------------------------+-------+-------++-------
Melee: Unarmed           |     6 |       ||     6
       Short sword       |     3 |     1 ||     4
 Cast: Flame Tongue      |    48 |    41 ||    89
       Throw Flame       |    30 |    16 ||    46
       Conjure Flame     |       |     4 ||     4
       Inner Flame       |       |     1 ||     1
  Use: Scroll            |     6 |     8 ||    14
       Potion            |       |     2 ||     2
  Eat: Meat ration       |     1 |       ||     1
       Chunk             |       |     5 ||     5
